cohdb
Replays
Latest Replays
All Replays
Popular Replays
Top Player Replays
Match Explorer
How It Works
Community
CoH3 Stats
Reddit
Sign in to upload your games and track your stats! →
Sign in with Steam
Trying out the new Paratroops in 4v4
Match 34425209
Overview
Messages
Build Orders
End
Vickers Machine Gun Team
Construct Section Command Post
Selects Heavy Armor Battlegroup
Infantry Section
Infantry Section
Infantry Section
Infantry Section
Construct Platoon Command Post
CMP 15cwt Truck
Infantry Training
Grenade Package
Selects Rigorous Vehicle Training
Royal Engineer Section
6-pounder Anti-tank Gun Team
Selects Crusader AA Medium Tank
Crusader AA Medium Tank
Construct Company Command Post
Selects Churchill Black Prince Heavy Tank
ben_white2
Klimek_8912
broodwarjc
six7888
Delguard
The Mad Mick
SmashingThorny
Castor24
0
0
Comments
sign in to comment!
No comments posted yet!